 Dungeon Crawl Stone Soup version 0.23-a0-644-gb60d84b (webtiles) character file.

1292 Borgoz the Grappler (level 8, -4/63 HPs)
             Began as a Ghoul Gladiator on Jan 1, 2019.
             Slain by a sky beast (6 damage)
             ... on level 5 of the Dungeon.
             The game lasted 00:09:40 (4127 turns).

Borgoz the Grappler (Ghoul Gladiator)               Turns: 4127, Time: 00:09:40

Health: -4/63      AC:  9    Str: 18      XL:     8   Next: 56%
Magic:  7/7        EV: 12    Int:  3      God:
Gold:   220        SH:  0    Dex: 10 (12) Spells: 7/7 levels left

rFire    . . .     SeeInvis .     - Unarmed
rCold    + . .     Gourm    .   (no shield)
rNeg     + + +     Faith    .   h - +0 ring mail
rPois    ∞         Spirit   .   b - +0 helmet
rElec    .         Reflect  .   (no cloak)
rCorr    .         Harm     .   (no gloves)
MR       .....                  e - +1 pair of boots
Stlth    ..........             (no amulet)
HPRegen  0.00/turn              (no ring)
MPRegen  0.10/turn              (no ring)

@: rotting
A: rotting body, claws 1, carnivore, cold resistance 1, negative energy
resistance 3, inhibited regeneration, torment resistance, unbreathing
a: no special abilities


You were on level 5 of the Dungeon.
You were not hungry.

You visited 2 branches of the dungeon, and saw 7 of its levels.

You collected 220 gold pieces.

Inventory:

Missiles
 c - 3 throwing nets (quivered)
Armour
 b - a +0 helmet (worn)
 e - a +1 pair of boots (worn)
 h - a +0 ring mail (worn)
Jewellery
 a - a +3 ring of intelligence {unknown}
 g - a cursed -3 ring of intelligence {unknown}
 v - an uncursed ring of stealth {unknown}
 w - an uncursed ring of stealth {unknown}
Scrolls
 f - 2 scrolls of teleportation {unknown}
 j - 6 scrolls of remove curse {unknown}
 k - 2 scrolls of immolation {unknown}
 q - a scroll of enchant weapon {unknown}
 r - a scroll of fog {unknown}
 s - a scroll of noise {unknown}
 t - 7 scrolls of identify {unknown}
 u - a scroll of amnesia {unknown}
 y - a scroll of acquirement {unknown}
Potions
 i - 2 potions of mutation
 l - a potion of berserk rage {unknown}
 m - a potion of haste {unknown}
 n - a potion of curing {unknown}
 o - 2 potions of degeneration {unknown}
 p - 2 potions of brilliance {unknown}
Comestibles
 d - 8 rations
 x - 5 chunks of flesh


   Skills:
 + Level 3.2 Fighting
 - Level 1.7 Throwing
 + Level 3.7 Armour
 + Level 4.5 Dodging
 + Level 9.2 Unarmed Combat


You had 7 spell levels left.
You didn't know any spells.
Your spell library was empty.

Dungeon Overview and Level Annotations

Branches:
Dungeon (6/15)             Temple (1/1) D:4

Altars:
Cheibriados
Dithmenos
Elyvilon
Fedhas
Gozag
Hepliaklqana
Kikubaaqudgha
Makhleb
Nemelex Xobeh
Okawaru
Qazlal
Ru
Sif Muna
Trog
Uskayaw
Vehumet
Wu Jian
Xom
Yredelemnul
Zin

Annotations:
D:5 Dowan, Duvessa


Innate Abilities, Weirdness & Mutations

Your body is rotting away.
You thrive on raw meat.
You are immune to poison.
You have sharp fingernails.
You are carnivorous and can eat meat at any time.
Your flesh is cold resistant. (rC+)
You are immune to negative energy. (rN+++)
You do not regenerate when monsters are visible.
You are immune to unholy pain and torment.
You can survive without breathing.


Message History

* * * LOW HITPOINT WARNING * * *
Something shocks you.
* * * LOW HITPOINT WARNING * * *
Eat one of 6 chunks of flesh? (ye/n/q)
You eat one of the 6 chunks of flesh.
This raw flesh tastes great!
Something hits you.
* * * LOW HITPOINT WARNING * * *
Something shocks you.
* * * LOW HITPOINT WARNING * * *
Unknown command.
It was a potion of mutation.
You feel extremely strange.
Your body decomposes!
You feel clumsy.
Your body decomposes!
You feel clumsy.
The centaur shoots an arrow.
The arrow hits you but does no damage. Something hits you.
* * * LOW HITPOINT WARNING * * *
Something shocks you.
You die...

######### #####
...^....######...####
.......c{@....(.)...##
........######..†##..#
........# #...###.#
........# #...# #.#
........# #...# #.##
........# #...# #..#
........# #...# ##.##
..(Y....# ##### #..###
........# ##.##.


You could see a centaur.

Vanquished Creatures
  Grinder (D:3)
  An ice beast (D:5)
  A phantom (D:4)
  A bullfrog (D:6)
  A scorpion (D:5)
  A howler monkey (D:5)
  2 crimson imps (D:5)
  A centaur zombie (D:5)
  A hound (D:5)
  A centaur skeleton (D:4)
  An orc priest (D:4)
  4 orc wizards (D:5)
  Natasha (thrice) (D:2)
  4 worker ants
  2 killer bee zombies (D:5)
  A hound zombie (D:5)
  A hound skeleton (D:6)
  A worker ant zombie (D:6)
  8 adders
  2 oozes
  An adder skeleton (D:4)
  2 worms
  6 dart slugs
  2 leopard geckos
  25 orcs
  11 bats
  4 giant cockroaches
  5 goblins
  6 hobgoblins
  11 jackals
  3 quokkas
  A ball python (D:1)
  4 frilled lizards
  A jackal skeleton (D:5)
  7 kobolds
  A quokka skeleton (D:6)
  6 rats
134 creatures vanquished.

Notes
Turn   | Place    | Note
-------+----------+-------------------------------------------
     0 | D:1      | Borgoz the Ghoul Gladiator began the quest for the Orb.
     0 | D:1      | Reached XP level 1. HP: 17/17 MP: 0/0
   132 | D:1      | Reached XP level 2. HP: 22/24 MP: 1/1
   483 | D:1      | Reached skill level 4 in Unarmed Combat
   483 | D:1      | Reached XP level 3. HP: 28/28 MP: 2/2
   793 | D:2      | Noticed Natasha
   809 | D:2      | Killed Natasha
   809 | D:2      | Reached XP level 4. HP: 17/37 MP: 3/3
   814 | D:2      | Noticed Natasha
   826 | D:2      | Killed Natasha
   845 | D:2      | Noticed Natasha
   858 | D:2      | Killed Natasha
   858 | D:2      | Reached skill level 5 in Unarmed Combat
   858 | D:2      | Reached XP level 5. HP: 34/42 MP: 4/4
   903 | D:2      | Found a stormy altar of Qazlal.
   903 | D:2      | Found a sacrificial altar of Ru.
  1896 | D:3      | Noticed Grinder
  1896 | D:3      | Paralysed by Grinder for 5 turns
  1913 | D:3      | Killed Grinder
  1913 | D:3      | Reached skill level 1 in Armour
  1913 | D:3      | Reached skill level 6 in Unarmed Combat
  1913 | D:3      | Reached XP level 6. HP: 45/50 MP: 5/5
  2362 | D:3      | Found a faded altar of an unknown god.
  2428 | D:4      | Reached skill level 7 in Unarmed Combat
  2428 | D:4      | Reached XP level 7. HP: 47/56 MP: 6/6
  2837 | D:4      | Found a staircase to the Ecumenical Temple.
  2912 | Temple   | Entered the Ecumenical Temple
  3729 | D:5      | Entered Level 5 of the Dungeon
  3786 | D:5      | Reached skill level 8 in Unarmed Combat
  3819 | D:5      | Reached XP level 8. HP: 16/63 MP: 7/7
  3845 | D:5      | Noticed Dowan
  3845 | D:5      | Noticed Duvessa
  4104 | D:5      | Reached skill level 9 in Unarmed Combat
  4127 | D:5      | HP: 2/63 [something (2)]
  4127 | D:5      | Slain by a sky beast

Vault maps used:
D:1:      psy_arrival_whirlpool, minmay_tromino_v4_a
D:2:      amethyst_overflow_temple_binary, uniq_natasha
D:3:      chequers_ecumenical_altar_twisty, first_ration, uniq_grinder
D:4:      minmay_temple_entry_antechambers
D:5:      uniq_duvessa
D:6:      lemuel_round_altar, serial_undead, serial_undead_b, serial_undead_e,
          serial_undead_a, serial_undead_a, minmay_holes,
          minmay_increasing_density
Temple:   regret_index_temple_mists

Skill      XL: |  1  2  3  4  5  6  7  8 |
---------------+-------------------------+-----
Dodging        | 3 4 |  4.5
Unarmed Combat | 4 5 6 7 8 9 |  9.2
Armour         | 1 3 |  3.7
Fighting       | 3 |  3.2
Throwing       | |  1.7

Action                   |  1- 3 |  4- 6 |  7- 9 || total
-------------------------+-------+-------+-------++-------
Melee: Unarmed           |    83 |   160 |   228 ||   471
       Punch             |     1 |     6 |     4 ||    11
  Use: Potion            |       |     1 |     1 ||     2
  Eat: Chunk             |     3 |    12 |    20 ||    35
Armor: Leather armour    |     5 |       |       ||     5
       Ring mail         |    24 |    59 |    88 ||   171
Dodge: Dodged            |    52 |   103 |   126 ||   281

Table legend:
 A = Non-vault XP
 B = Vault XP
 C = Vault XP percentage of total XP
 D = Non-vault monster count
 E = Vault monster count
 F = Vault count percentage of total count
                 A         B        C        D         E       F
            +---------+---------+-------+---------+---------+-------
      Total |    1493 |     354 |  19.2 |     126 |       8 |   6.0
            +---------+---------+-------+---------+---------+-------
        D:1 |      39 |       7 |  15.2 |      20 |       4 |  16.7
        D:2 |     149 |      35 |  19.0 |      17 |       1 |   5.6
        D:3 |      99 |     277 |  73.7 |      35 |       1 |   2.8
        D:4 |     284 |       0 |   0.0 |      19 |       0 |   0.0
        D:5 |     797 |       0 |   0.0 |      31 |       0 |   0.0
        D:6 |     125 |      35 |  21.9 |       4 |       2 |  33.3
            +---------+---------+-------+---------+---------+-------
